 Dungeon Crawl Stone Soup version 0.29.1-13-g9f3cf754e1 (webtiles) character file.

Game seed: 8116580272548599273

67 Thatpatchoflichen the Shooter (level 3, -2/20 HPs)
             Began as a Deep Elf Hunter on Jan 30, 2023.
             Slain by Terence
             ... wielding a +0 morningstar
              (6 damage)
             ... on level 2 of the Dungeon.
             The game lasted 00:08:45 (2154 turns).

Thatpatchoflichen the Shooter (Deep Elf Hunter)     Turns: 2154, Time: 00:08:46

Health: -2/20      AC:  7    Str:  8    XL:     3   Next: 98%
Magic:  5/5        EV: 13    Int: 13    God:
Gold:   161        SH:  0    Dex: 20    Spells: 2/2 levels left

rFire   . . .      SeeInvis .   a - +0 shortbow
rCold   + . .      Faith    .   (shield currently unavailable)
rNeg    . . .      Spirit   .   l - +2 leather armour {Will+}
rPois   +          Reflect  .   c - +0 helmet
rElec   .          Harm     .   (no cloak)
rCorr   .          Rampage  .   (no gloves)
Will    +....                   d - +0 pair of boots
Stlth   ++........              (no amulet)
HPRegen 0.06/turn               k - ring of protection from cold
MPRegen 0.09/turn               j - ring of poison resistance

@: no status effects
A: no striking features
a: no special abilities


You were on level 2 of the Dungeon.
You visited 1 branch of the dungeon, and saw 3 of its levels.

You collected 161 gold pieces.

Inventory:

Hand Weapons
 a - a +0 shortbow (weapon)
Missiles
 e - 2 javelins
Armour
 c - a +0 helmet (worn)
 d - a +0 pair of boots (worn)
 l - a +2 leather armour of willpower (worn)
Jewellery
 j - a ring of poison resistance (right hand)
 k - a ring of protection from cold (left hand)
Scrolls
 b - 2 scrolls of immolation
 g - 2 scrolls of poison
 h - a scroll of butterflies {unknown}
 i - 2 scrolls of identify
 m - a scroll of magic mapping {unknown}
 q - a scroll of teleportation {unknown}
Potions
 f - a potion of haste {unknown}
 n - a potion of attraction {unknown}
 o - a potion of might {unknown}
 p - a potion of flight {unknown}


   Skills:
 - Level 1.5 Fighting
 + Level 6.1 Ranged Weapons
 + Level 3.6 Dodging
 - Level 3.0 Stealth


You had 2 spell levels left.
You didn't know any spells.
Your spell library was empty.

Dungeon Overview and Level Annotations

Branches:
Dungeon (3/15)

Altars:

Shops:
D:1 *![[   D:2 [(*((

Annotations:
D:2 Terence


Message History

Found a human corpse.
Found Caneiwi's Weapon Shop.
Terence the Incautious comes into view.
He is wielding a +0 morningstar and wearing a +2 scale mail of poison resistance.
Fire: a) +0 shortbow
Press: ? - help, Q - select action, (/) - cycle Shift-Dir - straight line, f - Terence
Aim: Terence, wielding a +0 morningstar and wearing a +2 scale mail of poison resistance (asleep, 98% to hit)
You shoot an arrow. The arrow hits Terence.
Terence shouts!
Terence is lightly wounded.
Fire: a) +0 shortbow
Press: ? - help, Q - select action, (/) - cycle Shift-Dir - straight line, f/p - Terence
Aim: Terence, wielding a +0 morningstar and wearing a +2 scale mail of poison resistance (lightly wounded, 69% to hit)
You shoot an arrow. The arrow barely misses Terence.
Unknown command.
Fire: a) +0 shortbow
Press: ? - help, Q - select action, (/) - cycle Shift-Dir - straight line, f/p - Terence
Aim: Terence, wielding a +0 morningstar and wearing a +2 scale mail of poison resistance (lightly wounded, 69% to hit)
You shoot an arrow.
The arrow hits Terence but does no damage.
Terence is lightly wounded.
Terence hits you with a +0 morningstar.
Fire: a) +0 shortbow
Press: ? - help, Q - select action, (/) - cycle Shift-Dir - straight line, f/p - Terence
Aim: Terence, wielding a +0 morningstar and wearing a +2 scale mail of poison resistance (lightly wounded, 69% to hit)
You shoot an arrow. The arrow hits Terence.
Terence is moderately wounded.
Terence shouts, "Get ready for death!"
Terence closely misses you. Terence attacks as you move away!
Terence hits you with a +0 morningstar!
* * * LOW HITPOINT WARNING * * *
Terence attacks as you move away! Terence barely misses you.
Terence attacks as you move away! Terence closely misses you.
Terence attacks as you move away! Terence hits you with a +0 morningstar.
* * * LOW HITPOINT WARNING * * *
As you read the scroll labelled HAIKUEWNIPUR, it crumbles to dust.
It is a scroll of identify.
g - 2 scrolls of poison Terence says, "Time to say good-bye..."
Terence hits you with a +0 morningstar.
You die...

##..∩..## ##...#
#.#...#...# ###.#
#..#.#..### #.#
#...#...# #.# ####
#### #.# #.# #.#
#################@#
................@.#
#################.#
###


You could see Terence.

Vanquished Creatures
  Robin (D:2)
  A worm (D:2)
  2 endoplasms
  15 goblins
  9 hobgoblins
  2 jackals (D:1)
  3 kobolds
  A quokka (D:3)
  3 ball pythons (D:2)
  4 bats
  2 frilled lizards
  2 rats (D:1)
45 creatures vanquished.

Notes
Turn   | Place    | Note
-------+----------+-------------------------------------------
     0 | D:1      | Thatpatchoflichen the Deep Elf Hunter began the quest for
                  | the Orb.
     0 | D:1      | Reached XP level 1. HP: 12/12 MP: 3/3
    51 | D:1      | Found a faded altar of an unknown god.
   120 | D:1      | Reached XP level 2. HP: 10/16 MP: 4/4
   321 | D:1      | Found Zuqo's Armour Boutique.
   375 | D:1      | Found Qugur's Distillery.
   419 | D:1      | Found Ylur's Assorted Antiques.
   528 | D:1      | Found Much's Antique Armour Shop.
   839 | D:2      | Found Dastruny's Antique Armour Shop.
   918 | D:2      | Noticed Robin
   922 | D:2      | Reached XP level 3. HP: 20/20 MP: 5/5
  1340 | D:2      | Killed Robin
  1502 | D:2      | Found Utide's Weapon Shop.
  1508 | D:2      | Reached skill level 6 in Ranged Weapons
  1632 | D:2      | Found Geybinoo's Assorted Antiques.
  1722 | D:2      | Found Atiu's Antique Weapon Emporium.
  2139 | D:2      | Found Caneiwi's Weapon Shop.
  2140 | D:2      | Noticed Terence
  2154 | D:2      | Slain by Terence

Illustrated notes

Levels and vault maps discovered:
D:1:      amcnicky_arrival_flooded_fountain, layout_basic,
          basic_ecumenical_altar, serial_shops, nicolae_shop_hallway_stairs,
          shop, nicolae_shop_temple_entry_statues_fountains,
          nicolae_lakefront_shop
D:2:      layout_basic, serial_shops, nicolae_diamond_shop,
          nicolae_shop_advertising_works [nicolae_subvault_shop_adworks], shop,
          nicolae_shop_competitors_out_of_business,
          nicolae_shop_bloodbath_and_beyond, uniq_terence, uniq_robin,
          uniq_crazy_yiuf_cottage
D:3:      layout_loops_ring, chei_slow_surprise, serial_shops,
          nicolae_shop_waterfront, uniq_jessica

Skill      XL: |  1  2  3 |
---------------+----------+-----
Stealth        | 2 3 |  3.0
Dodging        | 3 |  3.6
Ranged Weapons | 6 |  6.1
Fighting       | |  1.5

Action                   || total
-------------------------++-------
 Fire: Shortbow          ||   121
  Use: Scroll            ||     1
Armor: Leather armour    ||    26
Dodge: Dodged            ||    53
